 Dungeon Crawl Stone Soup version 0.31.0-12-g77e489cdc1 (webtiles) character file.

Game seed: 16952557542070533812

708 Doomgape the Covered (level 7, -3/46 HPs)
             Began as a Gargoyle Fighter on Feb 23, 2024.
             Was an Initiate of Hepliaklqana.
             Killed from afar by Dowan (4 damage)
             ... with a stone arrow
             ... on level 7 of the Dungeon.
             The game lasted 00:10:03 (3013 turns).

Doomgape the Covered (Gargoyle Fighter)             Turns: 3013, Time: 00:10:03

Health: -3/46      AC: 15    Str: 21    XL:     7   Next: 67%
Magic:  7/7        EV: 12    Int:  9    God:    Hepliaklqana [......]
Gold:   176        SH:  8    Dex:  9    Spells: 6/6 levels left

rFire   . . .        m - +3 flail
rCold   . . .        j - +1 kite shield
rNeg    + . .        i - +0 chain mail
rPois   ∞            (no helmet)
rElec   +            (no cloak)
rCorr   .            (no gloves)
SInv    +            (no boots)
Will    .....        (no amulet) Stlth
                     f - ring of see invisible
HPRegen 0.27/turn    l - +5 ring of evasion
MPRegen 0.10/turn

%: no passive effects
@: no status effects
A: sickness immunity, AC +4, negative energy resistance 1, electricity
resistance, torment resistance 1, petrification resistance
a: Renounce Religion


You were on level 7 of the Dungeon.
You worshipped Hepliaklqana.
Hepliaklqana was noncommittal.
You visited 2 branches of the dungeon, and saw 6 of its levels.

You collected 176 gold pieces.

Inventory:

Hand Weapons
 m - a +3 flail (weapon)
Missiles
 a - 2 throwing nets (quivered)
Armour
 i - a +0 chain mail (worn)
 j - a +1 kite shield (worn)
Jewellery
 f - a ring of see invisible (left hand)
 l - a +5 ring of evasion (right hand)
Scrolls
 h - 5 scrolls of teleportation
 k - a scroll of amnesia
Potions
 b - 2 potions of mutation {unknown}
 c - a potion of haste {unknown}
 e - a potion of brilliance {unknown}
 g - 2 potions of curing


   Skills:
 + Level 6.1 Fighting
 + Level 5.0 Maces & Flails
 + Level 6.1 Armour
 - Level 3.2 Shields


You had 6 spell levels left.
You didn't know any spells.
Your spell library contained the following spells:

 Spells                   Type           Power      Damage    Failure   Level
 Shock                    Conj/Air       0%         1d3       99%         1
 Dazzling Flash           Conj/Hex       0%         N/A       100%        3
 Mephitic Cloud           Conj/Alch/Air  0%         N/A       100%        3
 Swiftness                Air            0%         N/A       100%        3
 Volatile Blastmotes      Fire/Tloc      0%         2d10      100%        3
 Airstrike                Air            0%         2d(0-16)  100%        4
 Curse of Agony           Necr           0%         N/A       100%        5
 Silence                  Hex/Air        0%         N/A       100%        5
 Starburst                Conj/Fire      0%         6d3       100%        6
 Maxwell's Capacitive Co  Air            0%         ∞         100%        8


Dungeon Overview and Level Annotations

Branches:
Dungeon (7/15)             Temple (1/1) D:7

Altars:
Ashenzari
Cheibriados
Gozag
Hepliaklqana
Kikubaaqudgha
Makhleb
Nemelex Xobeh
Okawaru
Vehumet
Xom

Shops:
D:1 =

Annotations:
D:7 Dowan


Innate Abilities, Weirdness & Mutations

You are immune to sickness and miasma.
Your stone body is resilient. (AC +4)
You are immune to poison.
You resist negative energy. (rN+)
You are resistant to electric shocks. (rElec)
You are resistant to unholy torment.
You are immune to petrification.


Message History

You kill Duvessa!
Dowan's eyes darken. "You have made a grave mistake."
Dowan seems to find hidden reserves of power!
Your Fighting skill increases to level 6!
Your Armour skill increases to level 6!
You sock the wight!
The wight is almost destroyed.
The wight hits you but does no damage. The wight closely misses you.
You closely miss the wight.
The wight is almost destroyed.
Dowan casts a spell.
Dowan blinks!
The wight hits you with a +4 morningstar!
You closely miss the wight.
The wight is almost destroyed.
Dowan hits you but does no damage. The wight hits you but does no damage.
Dowan closely misses you.
You thump the wight!
You destroy the wight!
Dowan hits you with a +0 dagger. You block Dowan's attack.
Your Maces & Flails skill increases to level 5!
Items here: )) [[.
You barely miss Dowan.
Dowan casts a spell.
Dowan blinks!
Dowan mumbles some strange words.
Dowan blinks!
Dowan zaps a wand.
The puff of flame misses you.
Dowan zaps a wand.
The puff of flame hits you but does no damage.
Items here: )) [[.
Dowan shakes with grief.
Dowan gestures wildly while chanting.
Dowan blinks!
Dowan casts a spell at you. The shard of ice hits you!!
* * * LOW HITPOINT WARNING * * *
Dowan casts a spell at you. The stone arrow hits you.
You die...

#........#. #.....
#........#. #.....
#...>....#. #.....
#....##..#. #.....####
#....##..#. #..8.....#
#....##..# #........#
#....#...#
.....8...#######....'...+
....8.e..@..........#...#
.......'###...##....##..#
......... #...###'### ..#
..........##### .... ##
#.........# ....#
#.........# ...#
######....# ...# #....#
...#


You could see Dowan (fast).

Vanquished Creatures
  Duvessa (D:7)
  A bullfrog (D:7)
  A wyvern zombie (D:7)
  2 wights (D:7)
  A centaur zombie (D:7)
  A hound (D:7)
  A jelly (D:7)
  A gnoll bouda (D:7)
  A sleepcap (D:7)
  An iguana (D:7)
  2 orc wizards (D:3)
  4 gnolls
  5 adders
  A shadow imp (D:7)
  3 ribbon worms (D:2)
  A dart slug (D:1)
  2 orcs (D:3)
  6 ball pythons
  4 bats
  5 endoplasms
  A giant cockroach (D:2)
  10 goblins
  5 hobgoblins
  A kobold (D:2)
  2 quokkas
  6 frilled lizards
  5 rats
74 creatures vanquished.

Notes
Turn   | Place    | Note
-------+----------+-------------------------------------------
     0 | D:1      | Doomgape the Gargoyle Fighter began the quest for the Orb.
     0 | D:1      | Reached XP level 1. HP: 14/14 MP: 1/1
   139 | D:1      | Reached XP level 2. HP: 19/19 MP: 2/2
   342 | D:1      | Found Yhugy's Jewellery Emporium.
   532 | D:1      | Reached XP level 3. HP: 14/24 MP: 3/3
  1150 | D:2      | Found a radiant altar of Vehumet.
  1260 | D:2      | Reached XP level 4. HP: 26/29 MP: 4/4
  1739 | D:3      | Found an opulent altar of Gozag.
  1742 | D:3      | Found an opulent altar of Gozag.
  1743 | D:3      | Found an opulent altar of Gozag.
  1752 | D:3      | Found an opulent altar of Gozag.
  1787 | D:3      | Reached XP level 5. HP: 27/34 MP: 5/5
  1862 | D:3      | Found a shimmering altar of Xom.
  2117 | D:3      | Found a burning altar of Makhleb.
  2120 | D:3      | Noticed a blizzard demon
  2428 | D:3      | Found an iron altar of Okawaru.
  2494 | D:4      | Noticed a lemure
  2494 | D:4      | You fall into a shaft and drop 3 floors!
  2545 | D:7      | Found a staircase to the Ecumenical Temple.
  2566 | D:7      | Reached XP level 6. HP: 32/40 MP: 6/6
  2598 | Temple   | Entered the Ecumenical Temple
  2641 | Temple   | Became a worshipper of Hepliaklqana the Forgotten
  2663 | D:7      | Reached skill level 5 in Fighting
  2663 | D:7      | Reached skill level 5 in Armour
  2822 | D:7      | Reached XP level 7. HP: 44/44 MP: 7/7
  2974 | D:7      | Noticed Duvessa
  2975 | D:7      | Noticed Dowan
  2997 | D:7      | Killed Duvessa
  3002 | D:7      | Reached skill level 5 in Maces & Flails
  3012 | D:7      | HP: 1/46 [Dowan/shard of ice (19)]
  3013 | D:7      | Killed from afar by Dowan

Illustrated notes

Levels and vault maps discovered:
D:1:      roderic_chinese_lattice_arrival, layout_basic, serial_forest,
          infiniplex_forest_end_2, infiniplex_forest_lined_ring,
          infiniplex_forest_lined_2, infiniplex_forest_end_2,
          infiniplex_forest_diagonal, infiniplex_forest_straight_2,
          serial_shops, shop
D:2:      layout_basic, basic_altar
D:3:      layout_loops_ring, kennysheep_okawaru_gauntlet,
          nicolae_gozag_conspicuous_consumption, makhleb_altar_promises_db,
          mainiacjoe_overflow_24_doors
D:4:      layout_rooms, led_sif_pool, lemuel_crystal_altar, uniq_pikel,
          uniq_edmund
D:7:      layout_gridville, nicolae_uskayaw_murder_on_the_dancefloor,
          zin_scriptorium, minmay_temple_entry_sparse_star, serial_undead,
          serial_undead_c, serial_undead_a, serial_undead_e, serial_undead_c,
          serial_shops, shop, uniq_duvessa
Temple:   nicolae_temple_superstar

Skill      XL: |  1  2  3  4  5  6  7 |
---------------+----------------------+-----
Fighting       | 4 5 6 |  6.1
Armour         | 4 5 6 |  6.1
Maces & Flails | 3 4 5 |  5.0
Shields        | |  3.2

Action                     |  1- 3 |  4- 6 |  7- 9 || total
---------------------------+-------+-------+-------++-------
  Melee: Flail             |   198 |   133 |    46 ||   377
    Use: Scroll            |     6 |     5 |       ||    11
         Potion            |       |     1 |     1 ||     2
 Armour: Scale mail        |    14 |       |       ||    14
         Chain mail        |    49 |    98 |    35 ||   182
  Dodge: Dodged            |    31 |    57 |    39 ||   127
  Block: Buckler           |     9 |       |       ||     9
         Kite shield       |    23 |    46 |    33 ||   102
